 Dungeon Crawl Stone Soup version 0.29.1 (webtiles) character file.

Game seed: 9462809281729894254

61 QueenGhuleh the Chopper (level 3, 0/34 HPs)
             Began as a Minotaur Berserker on Sept 13, 2022.
             Was a Believer of Trog.
             Killed from afar by Natasha (5 damage)
             ... with a magic dart
             ... on level 2 of the Dungeon.
             The game lasted 00:02:07 (941 turns).

QueenGhuleh the Chopper (Minotaur Berserker)         Turns: 941, Time: 00:02:07

Health: 0/34       AC:  5    Str: 23    XL:     3   Next: 83%
Magic:  2/2        EV: 11    Int:  4    God:    Trog [**....]
Gold:   55         SH:  0    Dex:  9    Spells: 2/2 levels left

rFire   . . .      SeeInvis .   a - +0 hand axe
rCold   . . .      Faith    .   (no shield)
rNeg    . . .      Spirit   .   g - +0 ring mail
rPois   .          Reflect  .   (helmet restricted)
rElec   .          Harm     .   (no cloak)
rCorr   .          Rampage  .   (no gloves)
Will    .....                   (no boots)
Stlth   ..........              (no amulet)
HPRegen 0.11/turn               (no ring)
MPRegen 0.08/turn               (no ring)

@: no status effects
A: horns 2, retaliatory headbutt
a: Renounce Religion, Berserk, Trog's Hand


You were on level 2 of the Dungeon.
You worshipped Trog.
Trog was pleased with you.
You visited 1 branch of the dungeon, and saw 2 of its levels.

You collected 55 gold pieces.

Inventory:

Hand Weapons
 a - a +0 hand axe (weapon)
Armour
 g - a +0 ring mail (worn)
Scrolls
 d - a scroll of silence {unknown}
 e - 2 scrolls of identify {unknown}
 f - 2 scrolls of enchant weapon {unknown}
Potions
 b - a potion of resistance {unknown}
 c - 2 potions of berserk rage {unknown}


   Skills:
 + Level 4.4 Fighting
 + Level 4.5 Axes
 + Level 2.7 Armour
 + Level 2.9 Dodging


You had 2 spell levels left.
You didn't know any spells.
Your spell library was empty.

Dungeon Overview and Level Annotations

Branches:
Dungeon (2/15)

Altars:
Ru

Annotations:
D:2 Natasha


Innate Abilities, Weirdness & Mutations

You have a pair of horns on your head.
You reflexively headbutt those who attack you in melee.


Message History

Natasha is nearby!
Natasha hisses angrily.
Natasha claws you.
You hit Natasha. Your headbutt misses Natasha.
Natasha is moderately wounded.
Natasha hisses.
Natasha casts a spell.
You hit Natasha but do no damage. You headbutt Natasha.
Natasha is moderately wounded.
You hit the white imp. Natasha claws you but does no damage.
The white imp closely misses you.
You hit Natasha.
Natasha is heavily wounded.
You barely miss the white imp. Natasha claws you!
The white imp closely misses you.
You are too injured to fight recklessly!
You are too injured to fight recklessly!
You are too injured to fight recklessly!
Unknown command.
You closely miss Natasha.
Natasha is heavily wounded.
You hit the white imp. Natasha misses you. The white imp gestures at you.
The puff of frost hits you.
* * * LOW HITPOINT WARNING * * *
You barely miss Natasha.
Natasha is heavily wounded.
You slash the white imp! Natasha barely misses you.
The white imp hits you but does no damage.
You closely miss Natasha.
Natasha is heavily wounded.
You barely miss the white imp. Natasha closely misses you.
The white imp gestures at you.
The puff of frost hits you but does no damage.
You barely miss Natasha.
Natasha is heavily wounded.
You closely miss the white imp.
Natasha stares at you and mumbles some strange words.
The magic dart hits you.
You die...

######.#.....###...........#
#......#.....###...[.......#
..#######......................
### ##...............###### #
##........######.# #
#.........####...# #
#....###...... ## #
##..#####h..#### #
##...###..@5....# #
#....#...#.....?#.
#...#.†.##...._....
#..##.#............ #...
#.#.#.......... #.#.
.......####..## #...........[#
..# #. #.........# ##
.##.###....


You could see Natasha and a white imp (summoned).

Vanquished Creatures
  Natasha (D:2)
  An adder (D:2)
  A ball python (D:1)
  3 endoplasms (D:1)
  A giant cockroach (D:1)
  3 hobgoblins
  A quokka (D:2)
  5 bats (D:1)
  3 frilled lizards
  4 goblins
  2 kobolds
  4 rats (D:1)
29 creatures vanquished.

Notes
Turn   | Place    | Note
-------+----------+-------------------------------------------
     0 | D:1      | QueenGhuleh the Minotaur Berserker began the quest for the
                  | Orb.
     0 | D:1      | Reached XP level 1. HP: 19/19 MP: 0/0
   147 | D:1      | Reached XP level 2. HP: 22/27 MP: 1/1
   441 | D:1      | Reached ** piety under Trog
   506 | D:1      | Found a faded altar of an unknown god.
   792 | D:2      | Noticed Natasha
   795 | D:2      | Reached XP level 3. HP: 26/33 MP: 2/2
   797 | D:2      | Found a sacrificial altar of Ru.
   803 | D:2      | Killed Natasha
   931 | D:2      | Noticed Natasha
   941 | D:2      | Killed from afar by Natasha

Illustrated notes

Levels and vault maps discovered:
D:1:      lightli_arrival_maybe_door_vault, layout_rooms,
          shapermc_ecumenical_altar_pompeii, hangedman_decor_lopped
D:2:      layout_rooms, basic_altar, uniq_natasha, uniq_crazy_yiuf_cottage

Skill      XL: |  1  2 |
---------------+-------+-----
Axes           | 4 |  4.5
Fighting       | 4 |  4.4
Armour         | |  2.7
Dodging        | |  2.9

Action                   || total
-------------------------++-------
Melee: Hand axe          ||    64
       Headbutt          ||     9
Invok: Berserk           ||     1
Armor: Animal skin       ||    15
       Ring mail         ||     6
Dodge: Dodged            ||    48
